 Dungeon Sprint DCSS version 0.30.1-4-g462c640d31 (webtiles) character file.

Game seed: 4549986098836493401

115 Heoruswealwe the Trooper (level 5, -6/51 HPs)
             Began as a Hill Orc Fighter on Aug 24, 2023.
             Succumbed to Sigmund's poison
             ... in the Dungeon (Sprint I: "Red Sonja").
             The game lasted 00:00:34 (41 turns).

Heoruswealwe the Trooper (Hill Orc Fighter)           Turns: 41, Time: 00:00:35

Health: -6/51      AC:  7    Str: 21    XL:     5   Next: 0%
Magic:  5/5        EV:  9    Int:  8    God:
Gold:   0          SH:  5    Dex: 10    Spells: 4/4 levels left

rFire   . . .        a - +0 war axe
rCold   . . .        c - +0 buckler
rNeg    . . .        b - +0 scale mail
rPois   .            (no helmet)
rElec   .            (no cloak)
rCorr   .            (no gloves)
SInv    .            (no boots)
Will    .....        (no amulet) Stlth
                     (no ring)
HPRegen 0.28/turn    (no ring)
MPRegen 0.09/turn

%: no teleportation
@: lethally poisoned (-6 -> -37)
A: no striking features
a: no special abilities


You were in the Dungeon.
You visited 1 branch

Inventory:

Hand Weapons
 a - a +0 war axe (weapon)
Armour
 b - a +0 scale mail (worn)
 c - a +0 buckler (worn)
Wands
 k - a wand of digging (3)
Scrolls
 j - a scroll of blinking
Potions
 d - a potion of might
 e - a potion of curing
 f - a potion of heal wounds
 g - a potion of haste
 h - 2 potions of magic
 i - a potion of berserk rage


   Skills:
 + Level 6.7 Fighting
 + Level 6.2 Axes
 + Level 6.4 Armour
 + Level 0.3 Dodging
 + Level 5.8 Shields


You had 4 spell levels left.
You didn't know any spells.
Your spell library was empty.

Dungeon Overview and Level Annotations

Branches:
Dungeon (1/1)

Altars:


Message History

Sigmund points at you and mumbles some strange words.
You are confused.
You slash Sigmund!
Sigmund is severely wounded.
Sigmund barely misses you. Sigmund attacks as you move away!
Sigmund barely misses you.
Sigmund screams, "Die, monster!"
Sigmund hits you from afar with a +0 scythe of venom.
Sigmund barely misses you.
There is an open door here.
You feel less confused.
Sigmund hits you with a +0 scythe of venom.
You are poisoned.
There is an open door here.
You hit Sigmund but do no damage.
Sigmund is severely wounded.
You feel very sick. Sigmund hits you but does no damage.
You barely miss Sigmund.
Sigmund is severely wounded.
You feel sick.
Sigmund hits you with a +0 scythe of venom.
You are lethally poisoned!
You slash Sigmund!
Sigmund is almost dead.
* * * LOW HITPOINT WARNING * * *
You feel very sick.
Sigmund hits you with a +0 scythe of venom.
* * * LOW HITPOINT WARNING * * *
You are more poisoned.
You closely miss Sigmund.
Sigmund is almost dead.
* * * LOW HITPOINT WARNING * * *
You feel extremely sick. Sigmund hits you but does no damage.
You are more poisoned.
Unknown command.
You slash Sigmund!
You kill Sigmund!
You die...

#############
#<.#..').#..+
#..').#..@).#
#..#####+####
#..# #..#
#..# #⌠⌠#
####


There were no monsters in sight!

Vanquished Creatures
  Sigmund (D)
  An ogre (D)
  Ijyb (D)
3 creatures vanquished.

Notes
Turn   | Place    | Note
-------+----------+-------------------------------------------
     0 | D        | Heoruswealwe the Hill Orc Fighter began the quest for the
                  | Orb.
     0 | D        | Reached XP level 1. HP: 19/19 MP: 1/1
     1 | D        | Noticed Ijyb
    10 | D        | Killed Ijyb
    11 | D        | Reached skill level 5 in Fighting
    11 | D        | Reached XP level 2. HP: 12/29 MP: 2/2
    11 | D        | Reached XP level 3. HP: 15/36 MP: 3/3
    14 | D        | Noticed an ogre
    22 | D        | Killed an ogre
    23 | D        | Reached skill level 5 in Shields
    23 | D        | Reached XP level 4. HP: 24/45 MP: 4/4
    23 | D        | Reached XP level 5. HP: 27/51 MP: 5/5
    25 | D        | Noticed Sigmund
    40 | D        | HP: 1/51 [poisoned by Sigmund]
    41 | D        | Killed Sigmund
    41 | D        | Succumbed to Sigmund's poison

Illustrated notes

Levels and vault maps discovered:
D:        dungeon_sprint_1 [red_sonja_temple_1, red_sonja_temple_small_1]

Skill      XL: |  1  2  3 |
---------------+----------+-----
Fighting       | 5 6 |  6.7
Axes           | 4 6 |  6.2
Armour         | 4 6 |  6.4
Shields        | 4 5 |  5.8
Dodging        | |  0.3

Action                     |  1- 3 |  4- 6 || total
---------------------------+-------+-------++-------
  Melee: War axe           |    15 |    10 ||    25
 Armour: Scale mail        |     2 |     3 ||     5
  Dodge: Dodged            |     7 |     5 ||    12
  Block: Buckler           |     2 |       ||     2
